 Dungeon Crawl Stone Soup version 0.30.0-11-gf55b779eaf (webtiles) character file.

Game seed: 7576859233666396096

706 safid the Chiller (level 7, 0/55 HPs)
             Began as a Merfolk Ice Elementalist on May 16, 2023.
             Was an Initiate of Vehumet.
             Slain by an ice beast (5 damage)
             ... on level 5 of the Dungeon.
             The game lasted 00:08:12 (3984 turns).

safid the Chiller (Merfolk Ice Elementalist)        Turns: 3984, Time: 00:08:14

Health: 0/55       AC: 11    Str:  8    XL:     7   Next: 67%
Magic:  0/14       EV: 15    Int: 16    God:    Vehumet [......]
Gold:   218        SH:  0    Dex: 15    Spells: 8/15 levels left

rFire   . . .        l - +4 mace (protect)
rCold   . . .        (no shield)
rNeg    . . .        f - +1 animal skin
rPois   .            g - +0 helmet
rElec   .            (no cloak)
rCorr   .            (no gloves)
SInv    .            (boots currently unavailable)
Will    .....        h - amulet of guardian spirit
Stlth   +++          (no ring)
HPRegen 0.29/turn    (no ring)
MPRegen 0.14/turn

%: guardian spirit
@: under a protective aura, very quick
A: nimble swimmer 2, mertail
a: Renounce Religion


You were on level 5 of the Dungeon.
You worshipped Vehumet.
Vehumet was noncommittal.
You visited 2 branches of the dungeon, and saw 6 of its levels.

You collected 218 gold pieces.

Inventory:

Hand Weapons
 l - a +4 mace of protection (weapon)
Armour
 f - a +1 animal skin (worn)
 g - a +0 helmet (worn)
Jewellery
 h - an amulet of guardian spirit (around neck)
Wands
 r - a wand of flame (17)
Scrolls
 a - 2 scrolls of identify {unknown}
 d - 9 scrolls of teleportation {unknown}
 e - 2 scrolls of butterflies {unknown}
 i - a scroll of vulnerability {unknown}
 m - a scroll of magic mapping {unknown}
 n - a scroll of fear {unknown}
 q - 2 scrolls of amnesia {unknown}
Potions
 b - 2 potions of magic
 c - a potion of curing {unknown}
 j - a potion of attraction
 k - 2 potions of brilliance {unknown}
 o - a potion of degeneration {unknown}
 p - 2 potions of haste {unknown}
 s - a potion of cancellation {unknown}
 t - a potion of ambrosia {unknown}
 u - a potion of mutation {unknown}


   Skills:
 + Level 4.9 Fighting
 - Level 2.6 Dodging
 - Level 2.1 Stealth
 + Level 4.7 Spellcasting
 + Level 6.8 Ice Magic


You had 8 spell levels left.
You knew the following spells:

 Your Spells              Type           Power      Damage    Failure   Level
a - Freeze                Ice            100%       1d10      1%          1
b - Frozen Ramparts       Ice            50%        1d8       3%          3
c - Ozocubu's Armour      Ice            25%        N/A       3%          3

Your spell library contained the following spells:

 Spells                   Type           Power      Damage    Failure   Level
 Ensorcelled Hibernation  Hex/Ice        28%        N/A       6%          2
 Hailstorm                Conj/Ice       14%        3d5       12%         3
 Magic Dart               Conj           12%        1d3       16%         1
 Blink                    Tloc           6%         N/A       24%         2
 Call Imp                 Summ           6%         N/A       24%         2
 Lesser Beckoning         Tloc           6%         N/A       24%         2
 Momentum Strike          Conj/Tloc      6%         3d8       24%         2
 Summon Ice Beast         Ice/Summ       14%        N/A       36%         4
 Call Canine Familiar     Summ           3%         N/A       43%         3
 Mephitic Cloud           Conj/Pois/Air  3%         N/A       43%         3
 Portal Projectile        Hex/Tloc       6%         N/A       43%         3
 Leda's Liquefaction      Hex/Erth       1%         N/A       83%         4
 Summon Mana Viper        Hex/Summ       3%         N/A       99%         5


Dungeon Overview and Level Annotations

Branches:
Dungeon (5/15)             Temple (1/1) D:4

Altars:
Ashenzari
Cheibriados
Dithmenos
Elyvilon
Fedhas
Gozag
Hepliaklqana
Kikubaaqudgha
Makhleb
Nemelex Xobeh
Qazlal
Ru
Sif Muna
Uskayaw
Vehumet
Wu Jian
Xom
Yredelemnul
Zin

Portals:
Sewer: D:5


Innate Abilities, Weirdness & Mutations

You are very nimble when in or above water. (Stealth+, EV+, Speed+++)
Your lower body shifts to a powerful aquatic tail in water.


Message History

The adder barely misses you. The ice beast hits you. The ice beast freezes you.
You sock the adder!
Your weapon exudes an aura of protection.
Your tail-slap misses the adder.
Your punch misses the adder.
The adder is almost dead.
The adder bites you but does no damage. The ice beast misses you.
The adder bites you but does no damage.
You hit the adder.
You kill the adder!
Vehumet accepts your kill. The ice beast completely misses you.
The ice beast hits you but does no damage.
You hit the ice beast.
The ice beast is lightly wounded.
The ice beast hits you. The ice beast freezes you!
* * * LOW HITPOINT WARNING * * *
Magic courses through your body. The ice beast misses you.
Unknown command.
Okay, then.
Unknown command.
You sock the ice beast!
The ice beast is heavily wounded.
The ice beast misses you.
Your magical contamination has completely faded away.
You hit the ice beast but do no damage.
The ice beast is heavily wounded.
The ice beast hits you but does no damage.
The ice beast hits you. The ice beast freezes you.
* * * LOW HITPOINT WARNING * * *
You hit the ice beast.
Your tail-slap misses the ice beast.
The ice beast is heavily wounded.
The ice beast closely misses you.
You hit the ice beast.
You tail-slap the ice beast, but do no damage.
The ice beast is severely wounded.
The ice beast hits you but does no damage.
The ice beast hits you.
* * * LOW HITPOINT WARNING * * *
The ice beast freezes you!
You die...

.....>.........####
##.#### <# ######..####
#.# ## ##.## ##.#
####..# ##..# #....##
##..## #.#### ##..## ##
##.# #..## .# #..#
############## ...##.##
#...~Y@†~~~∩~#
##....#####...##########
####....).....### #
##.###.......... ##
#..#Y.......####
.###....###....#
......### #....#
#.....## #....# #.###..#
######


You could see an ice beast.

Vanquished Creatures
  Grinder (D:4)
  A black bear (D:5)
  An orc priest (D:5)
  2 hounds (D:5)
  An iguana (D:5)
  Terence (D:2)
  Jessica (D:2)
  3 orc wizards (D:5)
  Robin (D:2)
  8 adders
  An ufetubus (D:5)
  3 worms (D:2)
  6 dart slugs
  3 orcs
  4 ball pythons
  8 endoplasms
  13 goblins
  7 hobgoblins
  3 jackals (D:1)
  3 kobolds
  A quokka (D:1)
  2 bats
  2 frilled lizards
  7 rats
83 creatures vanquished.

Notes
Turn   | Place    | Note
-------+----------+-------------------------------------------
     0 | D:1      | safid the Merfolk Ice Elementalist began the quest for the
                  | Orb.
     0 | D:1      | Reached XP level 1. HP: 13/13 MP: 3/3
   218 | D:1      | Reached XP level 2. HP: 17/20 MP: 1/5
   231 | D:1      | Reached skill level 1 in Fighting
   617 | D:1      | Reached XP level 3. HP: 24/26 MP: 2/6
   760 | D:1      | Got Wuateuwa's Book of Maleficia
   907 | D:1      | Learned a level 3 spell: Frozen Ramparts
   927 | D:2      | Noticed Robin
  1107 | D:1      | Reached skill level 5 in Ice Magic
  1107 | D:1      | Reached XP level 4. HP: 13/33 MP: 1/8
  1286 | D:2      | Killed Robin
  1554 | D:2      | Learned a level 3 spell: Ozocubu's Armour
  1620 | D:2      | Noticed Jessica
  1625 | D:2      | Killed Jessica
  1626 | D:2      | Reached XP level 5. HP: 37/39 MP: 4/9
  1745 | D:2      | Found a snail-covered altar of Cheibriados.
  1745 | D:2      | Noticed Terence
  1761 | D:2      | Killed Terence
  1948 | D:2      | Noticed a great orb of eyes
  1967 | D:2      | Found a faded altar of an unknown god.
  1969 | D:2      | Noticed a shining eye
  1969 | D:2      | Noticed a shining eye
  1969 | D:2      | Noticed a golden eye
  2856 | D:4      | Found a staircase to the Ecumenical Temple.
  2872 | Temple   | Entered the Ecumenical Temple
  2921 | Temple   | Became a worshipper of Vehumet
  3070 | D:4      | Noticed Grinder
  3097 | D:4      | Paralysed by Grinder for 2 turns
  3099 | D:4      | Killed Grinder
  3100 | D:4      | Reached skill level 6 in Ice Magic
  3100 | D:4      | Reached XP level 6. HP: 19/48 MP: 2/12
  3260 | D:4      | Found a sacrificial altar of Ru.
  3494 | D:5      | Entered Level 5 of the Dungeon
  3542 | D:5      | Reached XP level 7. HP: 43/54 MP: 3/13
  3962 | D:5      | Found a glowing drain.
  3984 | D:5      | Slain by an ice beast

Illustrated notes

Levels and vault maps discovered:
D:1:      evilmike_arrival_home_sweet_home, layout_loops_ring,
          palyth_stone_intersect
D:2:      layout_rooms, hellmonk_ecumenical_altar_watching_god, basic_altar,
          uniq_jessica, uniq_robin, uniq_terence
D:3:      layout_basic
D:4:      nicolae_cairo_tiling_large_dashed, layout_rooms,
          mainiacjoe_overflow_cross_hatched, minmay_temple_entry_glass,
          uniq_grinder
D:5:      layout_rooms, portal_sewer_entry_d, minmay_diced_spiral
Temple:   regret_index_temple_mists

Skill      XL: |  1  2  3  4  5 |
---------------+----------------+-----
Fighting       | 1 2 4 |  4.9
Ice Magic      | 5 6 |  6.8
Spellcasting   | 3 4 |  4.7
Dodging        | |  2.6
Stealth        | |  2.1

Action                     |  1- 3 |  4- 6 |  7- 9 || total
---------------------------+-------+-------+-------++-------
  Melee: Unarmed           |    30 |       |       ||    30
         Dagger            |    21 |    23 |       ||    44
         Punch             |     1 |       |       ||     1
         Mace              |       |    44 |    29 ||    73
         Tailslap          |       |       |     2 ||     2
   Cast: Freeze            |    32 |    31 |     8 ||    71
         Frozen Ramparts   |     1 |     9 |     4 ||    14
         Ozocubu's Armour  |       |     4 |     1 ||     5
    Use: Potion            |       |       |     3 ||     3
   Stab: Sleeping          |     2 |     2 |       ||     4
 Armour: Robe              |    18 |     2 |       ||    20
         Animal skin       |       |    28 |    23 ||    51
  Dodge: Dodged            |    58 |    44 |    37 ||   139
